 Dungeon Crawl Stone Soup version 0.19-a0-1932-g59670f6 (webtiles) character file.

82 varam the Bolt Thrower (level 4, -1/38 HPs)
             Began as a Centaur Hunter on Oct 25, 2016.
             Slain by an iguana (11 damage)
             ... on level 4 of the Dungeon.
             The game lasted 00:04:36 (2095 turns).

varam the Bolt Thrower (Centaur Hunter)             Turns: 2095, Time: 00:04:37

Health: -1/38      AC:  5    Str: 15    XL:     4   Next: 21%
Magic:  4/4        EV:  8    Int: 10    God:
Gold:   151        SH:  0    Dex: 10    Spells: 0 memorised, 3 levels left

rFire  . . .     SeeInvis .     b - +0 short sword
rCold  . . .     Gourm    .     g - +0 ring mail
rNeg   . . .     Faith    .     (no shield)
rPois  .         Spirit   .     (no helmet)
rElec  .         Reflect  .     (no cloak)
rCorr  .         Harm     .     (no gloves)
MR     .....                    (no barding)
Stlth  ..........               (no amulet)
                                (no ring)
                                (no ring)

@: very quick
A: hooves 3, deformed body, speed 2, tough skin 3
a: no special abilities


You were on level 4 of the Dungeon.
You were not hungry.

You visited 1 branch of the dungeon, and saw 4 of its levels.

You collected 151 gold pieces.

Inventory:

Hand Weapons
 a - a +1 hand crossbow
 b - a +0 short sword (weapon)
Missiles
 d - 27 bolts
Armour
 c - a +0 leather armour
 g - a +0 ring mail (worn)
Jewellery
 n - an uncursed amulet of regeneration {unknown}
Scrolls
 o - a scroll of enchant armour
 p - a scroll of random uselessness
 r - a scroll of teleportation {unknown}
 s - a scroll of amnesia {unknown}
 u - a scroll of fear {unknown}
Potions
 e - a potion of berserk rage {unknown}
 k - a potion of curing {@q1}
 l - a potion of cure mutation {unknown}
 m - a potion of might {unknown}
 q - a potion of heal wounds {unknown}
 t - a potion of magic {unknown}
Comestibles
 f - 2 bread rations
 h - a slice of pizza
 j - a beef jerky


   Skills:
 + Level 3.1 Fighting
 + Level 5.6 Crossbows
 - Level 1.3 Dodging
 - Level 0.4 Stealth


You had 3 spell levels left.
You didn't know any spells.

Dungeon Overview and Level Annotations

Branches:
Dungeon (4/15)
 Temple: D:4-7

Altars:


Innate Abilities, Weirdness & Mutations

You have hooves in place of feet.
Armour fits poorly on your strangely shaped body.
You cover ground very quickly.
You have extremely tough skin. (AC +3)


Message History

The worker ant is lightly wounded.
The worker ant bites you but does no damage.
You hit the worker ant.
The worker ant is heavily wounded.
The worker ant completely misses you. The worker ant bites you.
* * * LOW HITPOINT WARNING * * *
You closely miss the worker ant. Your kick misses the worker ant.
The worker ant is heavily wounded.
The worker ant bites you.
* * * LOW HITPOINT WARNING * * *
You are lethally poisoned!
The worker ant poisons you!
You barely miss the worker ant.
The worker ant is heavily wounded.
* * * LOW HITPOINT WARNING * * *
You feel sick. The worker ant barely misses you. The iguana barely misses you.
You feel better.
The worker ant bites you but does no damage.
The iguana bites you!
You die...

.........#####
.............#
.......<.....#
###
........l....#
#..
...#.###.##.##
#.# ...$.
#.##l# #.#
...#.# #.##.#
#?#
...#....(.#.#
#a# .#
##..#.####@#
#........l.#
#....#######
.!.....
.##.##. #. #.
# #. #.


You could see an iguana and a worker ant.

Vanquished Creatures
  3 adders (D:2)
  A worm (D:2)
  2 dart slugs
  2 leopard geckos (D:1)
  A ball python (D:1)
  11 goblins
  3 hobgoblins (D:1)
  4 kobolds
  A quokka (D:2)
  5 bats
  9 frilled lizards
  8 rats
50 creatures vanquished.

Notes
Turn   | Place    | Note
-------+----------+-------------------------------------------
     0 | D:1      | varam the Centaur Hunter began the quest for the Orb.
     0 | D:1      | Reached XP level 1. HP: 17/17 MP: 1/1
   247 | D:1      | Reached XP level 2. HP: 13/24 MP: 2/2
   415 | D:1      | Reached skill level 5 in Crossbows
   968 | D:2      | Reached XP level 3. HP: 30/30 MP: 3/3
  1786 | D:2      | Reached XP level 4. HP: 30/38 MP: 4/4
  2074 | D:3      | Noticed a centaur
  2095 | D:4      | Slain by an iguana

Vault maps used:
D:1:      minmay_arrival_stair_chambers, minmay_lizard_pond
D:2:      first_bread, kennysheep_generic_room_7
D:4:      kennysheep_small_square, uniq_purgy

Skill      XL: |  1  2  3 |
---------------+----------+-----
Crossbows      | 5 |  5.6
Fighting       | 3 |  3.1
Dodging        | |  1.3
Stealth        | |  0.4

Action                   |  1- 3 |  4- 6 || total
-------------------------+-------+-------++-------
Melee: Short sword       |   131 |    32 ||   163
       Kick              |    20 |     2 ||    22
 Fire: Hand crossbow     |    26 |     3 ||    29
  Use: Scroll            |     3 |       ||     3
       Potion            |       |     1 ||     1
  Eat: Chunk             |     2 |     1 ||     3
Armor: Ring mail         |    50 |    21 ||    71
       Leather armour    |     1 |       ||     1
Dodge: Dodged            |    64 |    27 ||    91
